 Dungeon Crawl Stone Soup version 0.31-a0-1522-g43313d8a59 (webtiles) character file.

Game seed: 10775397883957374839

3090495 Implojin the Impregnable (level 27, 264/264 (269) HPs)
             Began as an Oni Gladiator on Dec 30, 2023.
             Was an Elder of Okawaru.
             Escaped with the Orb
             ... and 5 runes
             ... and 1 gem (intact) on Dec 31, 2023!
             The game lasted 03:24:19 (75505 turns).

Implojin the Impregnable (Oni Gladiator)           Turns: 75505, Time: 03:24:20

HP:   264/264 (269) AC: 33    Str: 27      XL:     27
MP:   30/30         EV: 21    Int:  9      God:    Okawaru [****..]
Gold: 3118          SH: 23    Dex: 22 (24) Spells: 26/26 levels left

rFire   + + .        Q - +8 demon blade "Leech" {evervamp, Harm ^Drain rN+}
rCold   + + +        L - +5 kite shield "Oraiggamm" {Dex+4}
rNeg    + . .        w - +6 gold dragon scales
rPois   +            h - +2 hat {Stlth+}
rElec   +            z - scarf {rC+ rF+}
rCorr   .            (gloves unavailable)
SInv    .            (boots unavailable)
Will    +++..        Z - amulet of regeneration Stlth
                     M - ring of Nugeteot {*Slow rElec rC+ EV+5 Str+3}
HPRegen 1.44/turn    W - ring of willpower
MPRegen 0.22/turn

%: slow self (1%), harm (+30% outgoing, +20% incoming)
@: studying 4 skills, lightly drained
A: large, unfitting armour, horns 1, tough skin 1, double potion healing,
drunken brawling, frail 1, low MP 1, mutation resistance 1, weak 1, no potion
heal 1
0: Orb of Zot
}: 5/15 runes: barnacled, slimy, silver, abyssal, gossamer
a: Renounce Religion, Heroism, Finesse


You escaped.
You worshipped Okawaru.
Okawaru was greatly pleased with you.
You visited 11 branches of the dungeon, and saw 53 of its levels.
You visited the Abyss 1 time.
You also visited: Gauntlet and Ice Cave.

You collected 8379 gold pieces.
You spent 5261 gold pieces at shops.

Inventory:

Hand Weapons
 Q - the +8 demon blade "Leech" (weapon) {evervamp, Harm ^Drain rN+}
   (You bought it in a shop on level 2 of the Orcish Mines)

   rN+:       It protects you from negative energy.
   ^Drain:    It drains your maximum health when unequipped.
   Harm:      It increases damage dealt and taken.
Missiles
 d - 3 throwing nets
 f - 136 large rocks
 t - 5 curare-tipped darts
 v - 36 boomerangs (quivered)
 y - 20 javelins
 F - 16 silver javelins
 U - 5 atropa-tipped darts
Armour
 c - a +2 cloak of willpower
 h - a +2 hat of stealth (worn)
 l - the +7 fire dragon scales of Ravioli {rF++ rC- Dex+4}
   (You found it on level 2 of the Realm of Zot)

   Dex+4:     It affects your dexterity (+4).
   rF++:      It greatly protects you from fire.
   rC-:       It makes you vulnerable to cold.
 w - +6 gold dragon scales (worn)
 z - a scarf of resistance (worn)
 D - a +2 cloak of stealth
 L - the +5 kite shield "Oraiggamm" (worn) {Dex+4}
   (You took it off Donald on level 3 of the Elven Halls)

   Dex+4:     It affects your dexterity (+4).
 S - the scarf of Daffodils {repulsion, Regen+}
   (You bought it in a shop on level 2 of the Orcish Mines)

   Regen+:    It increases your rate of health regeneration.
Jewellery
 a - the ring "Ygitzo Jaesch" {rC+ rCorr SInv}
   (You took it off a deep elf high priest on level 3 of the Elven Halls)

   [ring of see invisible]

   rC+:       It protects you from cold.
   SInv:      It lets you see invisible.
   rCorr:     It protects you from acid and corrosion.
 e - an amulet of faith
 k - a ring of flight
 x - an amulet of reflection
 C - a ring of fire
 M - the ring of Nugeteot (left hand) {*Slow rElec rC+ EV+5 Str+3}
   (You acquired it on level 5 of the Vaults)

   [ring of evasion]

   EV+5:      It affects your evasion (+5).
   Str+3:     It affects your strength (+3).
   rC+:       It protects you from cold.
   rElec:     It insulates you from electricity.
   *Slow:     It may slow you when you take damage.
 T - a +6 ring of dexterity
 W - a ring of willpower (right hand)
 X - the amulet "Sucwep" {Reflect Harm SH+5}
   (You found it on level 3 of the Depths)

   [amulet of reflection]

   Reflect:   It reflects blocked missile attacks.
   SH+5:      It affects your SH (+5).
   Harm:      It increases damage dealt and taken.
 Z - an amulet of regeneration (around neck)
Talismans
 q - a talisman of death
Wands
 J - a wand of acid (42)
 P - a wand of digging (20)
Scrolls
 b - 4 scrolls of fear
 j - 21 scrolls of teleportation
 o - 4 scrolls of silence
 p - a scroll of blinking
 u - 10 scrolls of immolation
 A - 12 scrolls of vulnerability
Potions
 i - 3 potions of ambrosia
 n - 2 potions of enlightenment
 r - 5 potions of mutation
 B - 7 potions of heal wounds
 E - 4 potions of resistance
 H - 6 potions of magic
 I - 7 potions of curing
 N - 2 potions of haste
 O - 2 potions of might
 R - 6 potions of invisibility
 V - 6 potions of cancellation
Miscellaneous
 g - a condenser vane


   Skills:
 - Level 21.6 Fighting
 - Level 13.0(16.5) Short Blades
 * Level 16.7(18.4) Long Blades
 - Level 6.0 Staves
 - Level 7.6 Throwing
 - Level 22.0 Armour
 - Level 22.0 Dodging
 - Level 4.0 Stealth
 - Level 22.0 Shields
 - Level 14.0 Invocations
 - Level 10.0 Shapeshifting


You had 26 spell levels left.
You didn't know any spells.
Your spell library contained the following spells:

 Spells                   Type           Power      Damage    Failure   Level
 Apportation              Tloc           0%         N/A       99%         1
 Foxfire                  Conj/Fire      0%         2x1d4     99%         1
 Freeze                   Ice            0%         1d3       99%         1
 Kiss of Death            Conj/Necr      0%         2d5       99%         1
 Necrotise                Necr           0%         1d4       99%         1
 Slow                     Hex            0%         N/A       99%         1
 Sting                    Conj/Alch      0%         1d3       99%         1
 Blink                    Tloc           0%         N/A       100%        2
 Cigotuvi's Dreadful Rot  Necr/Alch/Air  0%         N/A       100%        2
 Ensorcelled Hibernation  Hex/Ice        0%         N/A       100%        2
 Jinxbite                 Hex            0%         N/A       100%        2
 Lesser Beckoning         Tloc           0%         N/A       100%        2
 Mercury Vapours          Alch/Air       0%         N/A       100%        2
 Momentum Strike          Conj/Tloc      0%         3d8       100%        2
 Searing Ray              Conj           0%         2d4       100%        2
 Confusing Touch          Hex            0%         N/A       100%        3
 Frozen Ramparts          Ice            0%         1d1       100%        3
 Fugue of the Fallen      Necr           0%         N/A       100%        3
 Gell's Gravitas          Tloc           0%         N/A       100%        3
 Hailstorm                Conj/Ice       0%         3d5       100%        3
 Inner Flame              Hex/Fire       0%         N/A       100%        3
 Mephitic Cloud           Conj/Alch/Air  0%         N/A       100%        3
 Ozocubu's Armour         Ice            0%         N/A       100%        3
 Passwall                 Erth           0%         N/A       100%        3
 Sigil of Binding         Hex            0%         N/A       100%        3
 Swiftness                Air            0%         N/A       100%        3
 Teleport Other           Tloc           0%         N/A       100%        3
 Vampiric Draining        Necr           0%         2d6       100%        3
 Cause Fear               Hex            0%         N/A       100%        4
 Dimensional Bullseye     Hex/Tloc       0%         N/A       100%        4
 Dispel Undead            Necr           0%         3d6       100%        4
 Flame Wave               Conj/Fire      0%         2d4       100%        4
 Iskenderun's Mystic Bla  Conj/Tloc      0%         2d3       100%        4
 Leda's Liquefaction      Alch/Erth      0%         N/A       100%        4
 Manifold Assault         Tloc           0%         N/A       100%        4
 Olgreb's Toxic Radiance  Alch           0%         N/A       100%        4
 Sticky Flame             Fire/Alch      0%         2d4       100%        4
 Vhi's Electric Charge    Tloc/Air       0%         N/A       100%        4
 Alistair's Intoxication  Alch           0%         N/A       100%        5
 Arcjolt                  Conj/Air       0%         1d10      100%        5
 Borgnjor's Vile Clutch   Necr/Erth      0%         N/A       100%        5
 Fireball                 Conj/Fire      0%         3d3       100%        5
 Freezing Cloud           Conj/Ice/Air   0%         6-21      100%        5
 Irradiate                Conj/Alch      0%         3d11      100%        5
 Iskenderun's Battlesphe  Conj           0%         2d6       100%        5
 Lee's Rapid Deconstruct  Erth           0%         3d4*      100%        5
 Yara's Violent Unravell  Hex/Alch       0%         3d3       100%        5
 Bombard                  Conj/Erth      0%         9d1       100%        6
 Dispersal                Tloc           0%         N/A       100%        6
 Eringya's Noxious Bog    Alch           0%         4d6       100%        6
 Plasma Beam              Fire/Air       0%         2x1d10    100%        6
 Starburst                Conj/Fire      0%         6d3       100%        6
 Enfeeble                 Hex            0%         N/A       100%        7
 Orb of Destruction       Conj           0%         9d5       100%        7
 Ozocubu's Refrigeration  Ice            0%         4d7       100%        7
 Borgnjor's Revivificati  Necr           0%         N/A       100%        8
 Discord                  Hex            0%         N/A       100%        8
 Maxwell's Capacitive Co  Air            0%         ∞         100%        8
 Death's Door             Necr           0%         N/A       100%        9
 Polar Vortex             Ice            0%         N/A       100%        9
 Summon Small Mammal      Summ           Unusable   N/A       N/A         1
 Tukima's Dance           Hex            Unusable   N/A       N/A         3
 Martyr's Knell           Necr/Summ      Unusable   N/A       N/A         4
 Summon Blazeheart Golem  Fire/Summ      Unusable   N/A       N/A         4
 Death Channel            Necr           Unusable   N/A       N/A         6
 Sculpt Simulacrum        Ice/Alch       Unusable   N/A       N/A         6
 Haunt                    Necr/Summ      Unusable   N/A       N/A         7
 Spellforged Servitor     Conj/Summ      Unusable   N/A       N/A         7
 Dragon's Call            Summ           Unusable   N/A       N/A         9

Dungeon Overview and Level Annotations

Branches:
Dungeon (15/15)            Temple (1/1) D:4            Lair (5/5) D:8
 Shoals (4/4) Lair:2       Spider (4/4) Lair:3        Slime (5/5) Lair:4
    Orc (2/2) D:11            Elf (3/3) Orc:2        Vaults (5/5) D:14
  Crypt (0/3) Vaults:2     Depths (4/4) D:15            Zot (5/5) Depths:4
  IceCv (visited)         Gauntlet (visited)

Altars:
Ashenzari
Cheibriados
Dithmenos
Elyvilon
Fedhas
Gozag
Hepliaklqana
Kikubaaqudgha
Makhleb
Nemelex Xobeh
Okawaru
Qazlal
Ru
Sif Muna
Trog
Uskayaw
Vehumet
Wu Jian
Xom
Yredelemnul
Zin
The Shining One
Ignis
Jiyva
Lugonu

Shops:
D:9 :   D:12 (   Orc:2 [(([:   Shoals:2 [   Shoals:3 [   Shoals:4 :
Vaults:1 *   Vaults:4 ?   Depths:2 ([*((   Depths:4 !*!

Portals:
Hell: Lair:5 Depths:1 Depths:2 Depths:3 Depths:4
Abyss: Shoals:2 Depths:1 Depths:2 Depths:3
Pandemonium: Depths:2
Ziggurat: Depths:4

Annotations:
Shoals:2 1 runed translucent door, exclusion: door


Innate Abilities, Weirdness & Mutations

You are too large for most types of armour.
You have a pair of small horns on your head.
You have tough skin. (AC +1)
You gain doubled healing and magic from potions.
Whenever you drink a healing potion, you attack all around you.
You are frail. (-10% HP)
Your magical capacity is low. (-10% MP)
You are somewhat resistant to further mutation.
You are weak. (Str -2)
Potions are less effective at restoring your health.


Message History

The Orb Guardian hits you!
You barely miss the Orb Guardian.
You headbutt the Orb Guardian, but do no damage.
The Orb Guardian is moderately wounded.
You block the Orb Guardian's attack.
You slash the Orb Guardian!
You feel better.
You headbutt the Orb Guardian.
The Orb Guardian is heavily wounded.
You slice the Orb Guardian!!
You feel better.
You headbutt the Orb Guardian.
The Orb Guardian is almost dead.
You block the Orb Guardian's attack.
You closely miss the Orb Guardian. You headbutt the Orb Guardian!
You kill the Orb Guardian!
Okawaru accepts your kill.
There is a stone staircase leading up, spattered with blood here.
You climb upwards.
There is a stone staircase leading down here.
Unknown command.
(D) Dungeon (T) Temple (L) Lair (A) Shoals (N) Spider Nest (M) Slime Pits (O) Orcish Mines (E) Elven Halls (V) Vaults (C) Crypt (U) Depths (H) Hell (Z) Zot
Where to? (Tab/Enter - D:1 @ (x,y), ? - help)
You open the door.
There is an open door here.
There is a stone staircase leading up here.
You climb upwards.
There is a stone staircase leading down here.
Magic restored.
There is a stone staircase leading up here.
You climb upwards.
There is a stone staircase leading down here.
There is a stone staircase leading up here.
You climb upwards.
There is a stone staircase leading down here.
There is an open door here.
You open the door.
There is an open door here.
There is an open gate here.
There is a staircase leading out of the dungeon here.
You have escaped!

#........# #.# #...######
#........# #.####### #...#.....
#........#####>......###...#.....
#..............###.........#.....
#........####### ###....^..#.....
#####.#### ♣♣♣♣♣#.##..........
#.# ♣...♣#.##.####..... #.#
######.##.#........ #.#
#.@.#...#.#.#...... #.#
#...#.........#####
#.#########'''#######.### ##
#.'...'............⌠#...####.
#.#####............⌠#........
#.### #..##...##..###.#.####.
#...# #..##...##..# #.#...###
#.#.#♣#...........#♣#.###.# #
###.#♣#...........#♣#.....# #


There were no monsters in sight!

Vanquished Creatures
  the Royal Jelly (Slime:5)
  3 dread liches
  6 orbs of fire
  5 ancient liches (Zot:5)
  A juggernaut (Depths:2)
  Boris (Elf:3)
  3 Killer Klowns (Zot:5)
  Saint Roka (Orc:1)
  2 caustic shrikes
  3 curse toes
  13 golden dragons
  4 electric golems
  A bone dragon (Depths:4)
  The ghost of xnavy the Brawler, an adept TrSh of Wu Jian (Elf:3)
  A walking earthen tome (Depths:2)
  13 tentacled monstrosities
  Zenata (Vaults:2)
  An Ice Fiend (Zot:5)
  9 liches
  4 deep elf master archers (Elf:3)
  A walking divine tome (Depths:2)
  3 deep elf blademasters
  4 quicksilver dragons
  29 Orb Guardians
  6 titans
  2 tentacled starspawn (Abyss:3)
  3 krakens
  8 sphinxes
  17 acid blobs
  An Executioner (Abyss:3)
  16 death cobs
  19 shadow dragons
  Gastronok (D:11)
  17 storm dragons
  10 tengu reavers
  A nagaraja (Abyss:3)
  6 azure jellies
  8 rockslimes
  Kirke (Spider:1)
  17 draconian monks
  Aizul (Elf:3)
  Ilsuiw (Shoals:4)
  Donald (Elf:3)
  15 draconian knights
  7 frost giants
  14 vault wardens
  11 draconian shifters
  9 deep elf sorcerers
  3 protean progenitors
  14 draconian scorchers
  8 iron dragons
  4 fire giants
  7 emperor scorpions
  A balrug (D:12)
  2 deep elf elementalists (Elf:3)
  6 ghost moths
  Louise (D:14)
  2 draconian stormcallers
  24 ironbound preservers
  An angel (D:10)
  3 spriggan defenders
  A reaper (IceCv)
  2 broodmothers
  5 quicksilver oozes (Slime:5)
  10 stone giants
  9 draconian annihilators
  A cacodemon (Abyss:3)
  3 orc warlords
  5 very ugly things
  7 deep elf death magi (Elf:3)
  2 formless jellyfish
  8 ironbound thunderhulks
  A vampire knight (Depths:3)
  7 deep elf annihilators
  A demonspawn black sun (D:7)
  10 black draconians
  7 war gargoyles
  13 yellow draconians
  7 green draconians
  7 deep elf demonologists
  2 lorocyprocas
  A minotaur (Shoals:3)
  22 red draconians
  10 white draconians
  10 dire elephants
  7 purple draconians
  15 spark wasps
  Snorg (D:14)
  10 ettins
  9 merfolk javelineers
  4 eidola
  6 merfolk impalers
  17 yaktaur captains
  2 crystal guardians (Vaults:3)
  10 fire dragons
  A mummy priest (Depths:1)
  7 entropy weavers
  11 deep elf high priests
  27 vault guards
  3 rakshasas
  4 great orbs of eyes
  7 ice dragons
  6 peacekeepers
  2 jorogumos
  3 spriggan air magi
  2 hell beasts
  8 hydras
  2 catoblepae
  4 merfolk avatars
  2 ogre magi
  A spriggan skeleton (Depths:2)
  2 alligator snapping turtles (Shoals:3)
  2 radroaches
  10 boulder beetles
  3 death knights
  8 ironbound frosthearts
  11 two-headed ogres
  9 centaur warriors
  7 death yaks
  A two-headed ogre (shapeshifter) (Vaults:5)
  5 merfolk aquamancers
  3 satyrs
  27 dancing weapons
  5 deep troll shamans
  9 deep troll earth magi
  2 occultists
  A sphinx skeleton (Vaults:1)
  A spriggan berserker (Depths:4)
  A tengu warrior (Depths:2)
  A shock serpent (shapeshifter) (Vaults:5)
  9 demonic crawlers
  4 orc high priests
  8 thrashing horrors (Abyss:3)
  4 wretched stars (Abyss:3)
  A sixfirhy (Abyss:3)
  3 sun demons (D:12)
  12 hell knights
  3 skysharks
  18 deep elf knights
  A spatial maelstrom (Abyss:3)
  70 deep trolls
  7 pharaoh ants
  6 iron trolls
  6 skeletal warriors (D:15)
  A spark wasp zombie (Depths:2)
  10 sea snakes
  3 shadow demons (Depths:1)
  3 flayed ghosts
  11 orb spiders
  9 arcanists
  2 sun moths (Spider:1)
  A swamp dragon (Abyss:3)
  5 phantasmal warriors
  9 glowing orange brains
  18 ironbound convokers
  A kraken simulacrum (Shoals:4)
  A bunyip skeleton (Abyss:1)
  Pikel (D:6)
  11 lindwurms
  An obsidian statue (D:12)
  4 necromancers
  7 deep elf archers
  27 harpies
  22 deep elf pyromancers
  29 deep elf zephyrmancers
  11 orc knights
  6 steelbarb worms
  27 wolf spiders
  3 oklob plants (Lair:4)
  9 manticores
  3 orc sorcerers
  16 ugly things
  A faun (shapeshifter) (Depths:3)
  2 shining eyes (shapeshifter)
  14 fauns
  11 cyclopes
  33 moths of wrath
  5 shining eyes
  2 worldbinders
  A guardian serpent (shapeshifter) (Depths:1)
  A fire giant skeleton (Depths:2)
  Joseph (D:8)
  2 water nymphs
  6 meliai
  A stone giant skeleton (Depths:2)
  10 elephants
  5 torpor snails
  26 vault sentinels
  8 merfolk sirens
  A torpor snail (shapeshifter) (Vaults:5)
  9 black mambas
  2 gargoyles
  2 ice statues (IceCv)
  An unseen horror (shapeshifter) (Spider:1)
  2 apocalypse crabs (Shoals:2)
  8 kobold blastminers
  4 smoke demons
  4 orange demons
  A large abomination (Abyss:3)
  Maggie (Lair:2)
  6 kobold demonologists
  26 yaktaurs
  2 efreet (Abyss:3)
  12 cane toads
  Jeremiah (D:8)
  5 komodo dragons
  An anaconda simulacrum (IceCv)
  5 rime drakes
  The ghost of pigah the Mimic, a novice OpSh (D:6)
  4 freezing wraiths
  2 tengu conjurers
  A red devil (Lair:5)
  7 trolls
  5 ice devils
  An ancient zyme (Abyss:3)
  22 merfolk
  2 wind drakes (shapeshifter)
  4 hornets
  5 wind drakes
  4 glass eyes
  19 tarantellas
  5 polar bears
  Prince Ribbit (Lair:1)
  7 raiju (Abyss:3)
  28 blink frogs
  12 snapping turtles
  A dream sheep (shapeshifter) (Vaults:5)
  20 jumping spiders
  An ettin zombie (Vaults:1)
  17 dream sheep
  A shadow (D:11)
  23 culicivoras
  54 slime creatures
  4 air elementals
  4 spriggans
  2 fire elementals
  55 yaks
  4 ynoxinuls (Abyss:3)
  12 water elementals
  A dire elephant simulacrum (IceCv)
  Eustachio (D:5)
  9 wraiths
  3 small abominations
  3 wyverns
  A human (Spider:1)
  5 basilisks
  4 fire bats (Depths:4)
  A hog (shapeshifter) (Depths:4)
  A steam dragon (D:9)
  15 vampire mosquitoes
  3 wargs
  5 hogs (Spider:1)
  23 starcursed masses (Abyss:3)
  61 redbacks
  A chaos spawn (Abyss:3)
  2 glowing shapeshifter zombies
  2 hydra simulacra (IceCv)
  An acid dragon (D:14)
  14 water moccasins
  5 hell hounds (Lair:5)
  32 orc warriors
  A human skeleton (Depths:2)
  2 sky beasts (D:7)
  4 black bears
  An ice beast (D:5)
  21 wolves
  10 boggarts
  13 ogres
  19 centaurs
  A lemure (D:6)
  12 kobold brigands
  2 gnoll sergeants
  10 bullfrogs
  A human zombie (Vaults:1)
  2 earth elementals
  A cane toad simulacrum (IceCv)
  3 scorpions
  3 two-headed ogre simulacra (IceCv)
  15 wights
  21 killer bees
  An elephant simulacrum (IceCv)
  3 howler monkeys (D:10)
  3 electric eels
  2 bombardier beetles (D:4)
  2 crimson imps (D:12)
  4 quasits
  3 iron imps
  5 jellies
  2 gnoll boudas
  14 orc priests
  Ijyb (D:3)
  2 iguanas
  A sleepcap (D:7)
  Natasha (thrice) (D:2)
  22 orc wizards
  6 hell rats
  4 troll simulacra (IceCv)
  A spriggan simulacrum (IceCv)
  2 polar bear simulacra (IceCv)
  12 adders
  21 gnolls
  2 naga simulacra (IceCv)
  A shadow imp (D:7)
  2 white imps (IceCv)
  4 ufetubi
  4 dart slugs
  2 ribbon worms
  93 orcs
  5 bats
  4 endoplasms
  4 giant cockroaches
  6 goblins
  10 hobgoblins
  5 jackals
  A quokka (D:1)
  5 ball pythons
  6 frilled lizards
  28 kobolds
  4 rats
  A butterfly (D:4)
  12 tentacles
2410 creatures vanquished.

Vanquished Creatures (others)
  An eldritch tentacle (Zot:4)
  An emperor scorpion (Spider:4)
  A vault warden (Vaults:5)
  A boulder beetle (Spider:4)
  2 deep elf zephyrmancers (Elf:2)
  A yaktaur (Vaults:1)
  A merfolk (Shoals:4)
  An orc warrior (Vaults:5)
  A gnoll (D:9)
  A shadow imp (Abyss:3)
  A kobold (D:12)
  2 lurking horrors
  4 starspawn tentacles (Abyss:3)
  27 tentacles
45 creatures vanquished.

Grand Total: 2455 creatures vanquished

Notes
Turn   | Place    | Note
-------+----------+-------------------------------------------
     0 | D:1      | Implojin the Oni Gladiator began the quest for the Orb.
     0 | D:1      | Reached XP level 1. HP: 22/22 MP: 1/1
   233 | D:1      | Reached XP level 2. HP: 29/29 MP: 2/2
   393 | D:1      | Reached XP level 3. HP: 35/36 MP: 3/3
  1150 | D:2      | Noticed Natasha
  1163 | D:2      | Killed Natasha
  1164 | D:2      | Reached skill level 5 in Staves
  1164 | D:2      | Reached XP level 4. HP: 29/44 MP: 4/4
  1485 | D:2      | Found a faded altar of an unknown god.
  1543 | D:2      | Noticed Natasha
  1554 | D:2      | Killed Natasha
  1602 | D:2      | Reached XP level 5. HP: 39/50 MP: 5/5
  1633 | D:2      | Noticed Natasha
  1657 | D:2      | Killed Natasha
  2100 | D:3      | Noticed Ijyb
  2432 | D:3      | You fall into a shaft and drop 2 floors!
  2432 | D:5      | Entered Level 5 of the Dungeon
  2574 | D:5      | Reached XP level 6. HP: 18/59 MP: 6/6
  2759 | D:5      | Noticed an ice beast
  2777 | D:4      | Found a staircase to the Ecumenical Temple.
  2783 | Temple   | Entered the Ecumenical Temple
  2858 | Temple   | Became a worshipper of Warmaster Okawaru
  3062 | D:4      | Reached skill level 1 in Invocations
  3159 | D:3      | Killed Ijyb
  3695 | D:4      | Reached XP level 7. HP: 60/67 MP: 7/9
  4306 | D:5      | Noticed Eustachio
  4318 | D:5      | Reached skill level 5 in Fighting
  4327 | D:5      | Killed Eustachio
  4327 | D:5      | Reached * piety under Okawaru
  4328 | D:5      | Reached skill level 1 in Stealth
  4543 | D:5      | Found a glowing golden altar of the Shining One.
  4656 | D:5      | Found an ornate altar of the Wu Jian Council.
  4656 | D:5      | Found a shadowy altar of Dithmenos.
  4786 | D:5      | Reached XP level 8. HP: 72/83 MP: 10/10
  5303 | D:6      | Reached skill level 1 in Short Blades
  5400 | D:6      | Found a transporter.
  5402 | D:6      | Noticed pigah's ghost (novice OpSh)
  5433 | D:6      | Found a transporter.
  5763 | D:6      | Noticed Pikel
  6167 | D:6      | Killed Pikel
  6168 | D:6      | Reached skill level 5 in Short Blades
  6168 | D:6      | Reached XP level 9. HP: 34/89 MP: 11/11
  7294 | D:7      | Found a glowing silver altar of Zin.
  7295 | D:7      | Found a hazy altar of Hepliaklqana.
  7630 | D:8      | Reached ** piety under Okawaru
  7653 | D:8      | Reached skill level 1 in Shapeshifting
  7660 | D:8      | Noticed Jeremiah
  7754 | D:8      | Killed Jeremiah
  7754 | D:8      | Noticed Joseph
  7755 | D:8      | Reached XP level 10. HP: 98/98 MP: 10/12
  7772 | D:8      | Found a staircase to the Lair.
  8044 | D:8      | Reached skill level 5 in Shapeshifting
  8675 | D:8      | Killed Joseph
  9196 | D:9      | Found Vugusoil's Book Boutique.
  9928 | D:9      | Identified the +1 dagger "Z" {venom, *Noise rPois Int+3}
 10097 | D:9      | Reached *** piety under Okawaru
 10338 | D:10     | Entered Level 10 of the Dungeon
 10392 | D:10     | Reached XP level 11. HP: 99/105 MP: 10/13
 10708 | D:10     | Reached skill level 10 in Shapeshifting
 11219 | D:10     | Noticed a deep elf pyromancer
 11231 | D:10     | Killed a deep elf pyromancer
 11798 | D:10     | Found a snail-covered altar of Cheibriados.
 12222 | D:11     | Noticed Gastronok
 12307 | D:11     | Killed Gastronok
 12401 | D:11     | Reached skill level 10 in Fighting
 12429 | D:11     | Reached **** piety under Okawaru
 12480 | D:11     | Found a gate leading to a gauntlet.
 12502 | Gauntlet | Entered a Gauntlet
 12502 | Gauntlet | Noticed a large abomination
 12502 | Gauntlet | Found a transporter.
 12722 | Gauntlet | Found a transporter.
 12723 | Gauntlet | Found a transporter.
 12731 | Gauntlet | Found a transporter.
 12734 | Gauntlet | Found a transporter.
 12735 | Gauntlet | Found a transporter.
 12745 | Gauntlet | Found a transporter.
 12747 | Gauntlet | Found a transporter.
 12748 | Gauntlet | Found a transporter.
 12759 | Gauntlet | Noticed a cacodemon
 12760 | Gauntlet | Found a transporter.
 12760 | Gauntlet | Found a transporter.
 12761 | Gauntlet | Found a transporter.
 12767 | Gauntlet | Found a runed translucent gate.
 12769 | Gauntlet | Found a transporter.
 12770 | Gauntlet | Found a runed translucent gate.
 12771 | Gauntlet | Found a runed translucent gate.
 12829 | Gauntlet | Found a transporter.
 13152 | D:11     | Reached skill level 5 in Invocations
 13753 | D:11     | Found a staircase to the Orcish Mines.
 13768 | D:11     | Noticed a boulder beetle
 13786 | D:11     | Killed a boulder beetle
 14361 | D:11     | Reached XP level 12. HP: 119/126 MP: 18/18
 14650 | Lair:1   | Entered Level 1 of the Lair of Beasts
 15396 | Lair:1   | Reached skill level 10 in Short Blades
 15769 | Lair:2   | Noticed Prince Ribbit
 15809 | Lair:1   | Killed Prince Ribbit
 15809 | Lair:1   | Reached ***** piety under Okawaru
 15838 | Lair:2   | Reached skill level 10 in Invocations
 15993 | Lair:2   | Noticed a four-headed hydra
 16200 | Lair:2   | Found a staircase to the Shoals.
 16351 | Lair:2   | You fall into a shaft and drop 1 floor!
 16367 | Lair:3   | Found a hole to the Spider Nest.
 16388 | Lair:3   | Reached skill level 5 in Dodging
 16495 | Lair:2   | Reached XP level 13. HP: 89/133 MP: 20/20
 16982 | Lair:2   | Noticed Maggie
 16996 | Lair:2   | Killed Maggie
 17924 | Lair:3   | Received a gift from Okawaru
 18836 | Lair:4   | Found a staircase to the Slime Pits.
 18881 | Lair:4   | Reached skill level 10 in Dodging
 18893 | Lair:4   | Reached skill level 1 in Armour
 19514 | Lair:4   | Reached skill level 5 in Armour
 19704 | Lair:4   | Received a gift from Okawaru
 20469 | Lair:4   | Reached XP level 14. HP: 122/143 MP: 19/21
 20486 | Lair:4   | Got the Catalogue of the Salamander
 20578 | Lair:5   | Entered Level 5 of the Lair of Beasts
 21257 | Lair:5   | Received a gift from Okawaru
 22656 | Lair:5   | Received a gift from Okawaru
 23082 | Lair:5   | Found a burning altar of Makhleb.
 23646 | Lair:5   | Found a gateway to Hell.
 23653 | Lair:5   | Identified the +9 spear of Bread {venom, rF+}
 23946 | D:6      | Identified the +2 whip "Etug" {protect, Int+3}
 23974 | D:6      | Killed pigah's ghost
 24310 | D:12     | Reached skill level 1 in Shields
 24369 | D:12     | Found Qerchoysi's Weapon Shop.
 24772 | D:12     | Reached ****** piety under Okawaru
 24774 | D:12     | Acquired +2 gold dragon scales
 24774 | D:12     | Received a gift from Okawaru
 25586 | D:12     | Acquired a +6 quick blade
 25586 | D:12     | Received a gift from Okawaru
 26065 | D:12     | Reached XP level 15. HP: 131/149 MP: 22/22
 26282 | D:12     | Reached skill level 5 in Shields
 26479 | D:13     | Received a gift from Okawaru
 26530 | D:13     | Found a frozen archway.
 26596 | IceCv    | Entered an ice cave
 28409 | D:14     | Found a gate to the Vaults.
 28501 | D:14     | Received a gift from Okawaru
 28537 | D:14     | Noticed Louise
 28580 | D:14     | Noticed Snorg
 28842 | D:14     | Killed Snorg
 29003 | D:14     | Killed Louise
 29155 | D:14     | Identified the +3 swamp dragon scales of the Distant Future
                  | {-Tele rPois rCorr Dex+3}
 29290 | D:14     | Reached skill level 10 in Shields
 29482 | D:14     | Got the Catalogue of Excruciating Interference
 29782 | D:15     | Entered Level 15 of the Dungeon
 30381 | D:15     | Received a gift from Okawaru
 30994 | D:15     | Reached XP level 16. HP: 143/158 MP: 23/23
 31674 | D:15     | Found a staircase to the Depths.
 31703 | D:15     | Reached skill level 10 in Armour
 31924 | D:15     | Received a gift from Okawaru
 32201 | Orc:1    | Entered Level 1 of the Orcish Mines
 32699 | Orc:2    | Entered Level 2 of the Orcish Mines
 32699 | Orc:2    | Noticed Saint Roka
 32959 | Orc:1    | Killed Saint Roka
 33255 | Orc:2    | Found a staircase to the Elven Halls.
 33703 | Orc:2    | Found Dutopoq's Weapon Shoppe.
 34263 | Orc:2    | Found Cexijofa's Antique Weapon Shop.
 34270 | Orc:2    | Found Quik's Antique Armour Boutique.
 34404 | Orc:2    | Found Kaisudiu's Book Emporium.
 34597 | Orc:2    | Found Acvocw's Antique Armour Shop.
 34949 | Orc:2    | Bought the +8 demon blade "Leech" {evervamp, Harm ^Drain
                  | rN+} for 1721 gold pieces
 34949 | Orc:2    | Found the +8 demon blade "Leech" {evervamp, Harm ^Drain
                  | rN+}
 35026 | Orc:2    | Bought a brightly glowing scarf for 290 gold pieces
 35026 | Orc:2    | Identified the scarf of Daffodils {repulsion, Regen+} (You
                  | bought it in a shop on level 2 of the Orcish Mines)
 35281 | Spider:1 | Entered Level 1 of the Spider Nest
 35295 | Spider:1 | Received a gift from Okawaru
 35296 | Spider:1 | Reached skill level 1 in Long Blades
 35511 | Arena    | Entered the Arena
 35615 | Spider:1 | Reached skill level 5 in Long Blades
 35911 | Spider:1 | Received a gift from Okawaru
 36187 | Spider:1 | Noticed Kirke
 36218 | Spider:1 | Noticed a sphinx
 36226 | Arena    | Entered the Arena
 36250 | Spider:1 | Killed Kirke
 36251 | Spider:1 | Reached XP level 17. HP: 156/166 MP: 19/24
 38429 | Spider:3 | Reached skill level 10 in Long Blades
 39112 | Spider:4 | Entered Level 4 of the Spider Nest
 39435 | Spider:4 | Received a gift from Okawaru
 40335 | Spider:4 | Reached skill level 15 in Fighting
 40335 | Spider:4 | Reached XP level 18. HP: 193/193 MP: 25/25
 40648 | Spider:4 | Received a gift from Okawaru
 40705 | Spider:4 | Got a gossamer rune of Zot
 40995 | Shoals:1 | Entered Level 1 of the Shoals
 42268 | Shoals:2 | Found Qyaplura's Armour Boutique.
 42403 | Shoals:2 | Found a runed translucent door.
 42417 | Shoals:2 | Found a corrupted altar of Lugonu.
 42417 | Shoals:2 | Found a one-way gate to the infinite horrors of the Abyss.
 42596 | Shoals:2 | Received a gift from Okawaru
 43155 | Shoals:3 | Found Ruati's Armour Emporium.
 43612 | Shoals:3 | Found a hide-covered altar of Uskayaw.
 44040 | Shoals:4 | Entered Level 4 of the Shoals
 44040 | Shoals:4 | Found Loptoh's Self-Improvement Boutique.
 44125 | Shoals:4 | Received a gift from Okawaru
 44136 | Shoals:4 | Reached XP level 19. HP: 214/223 MP: 26/26
 44201 | Shoals:4 | Got a barnacled rune of Zot
 44540 | Shoals:4 | Received a gift from Okawaru
 44608 | Shoals:4 | Noticed Ilsuiw
 44624 | Shoals:4 | Killed Ilsuiw
 45398 | Orc:2    | Bought an embroidered hat for 203 gold pieces
 45541 | Vaults:1 | Entered Level 1 of the Vaults
 45545 | Vaults:1 | Reached skill level 15 in Armour
 45722 | Vaults:1 | Received a gift from Okawaru
 45887 | Vaults:1 | Found Mumeinku's Assorted Antiques.
 45895 | Vaults:1 | Bought an onyx ring for 140 gold pieces
 45895 | Vaults:1 | Bought a wand of digging (4) for 470 gold pieces
 46849 | Vaults:1 | Noticed an Ice Fiend
 47038 | Vaults:2 | Noticed Zenata
 47142 | Vaults:2 | Received a gift from Okawaru
 47191 | Vaults:2 | Killed Zenata
 47326 | Vaults:2 | Reached XP level 20. HP: 199/234 MP: 27/27
 47335 | Vaults:2 | Found a staircase to the Crypt.
 47534 | Vaults:2 | Identified the +4 scimitar of Gauzoe {freeze, rElec}
 48020 | Vaults:2 | Identified the +0 ring mail "Yriqec" {-Tele Harm Regen+
                  | Dex+5}
 49429 | Vaults:3 | Received a gift from Okawaru
 50476 | Vaults:3 | Received a gift from Okawaru
 50509 | Vaults:3 | Reached XP level 21. HP: 188/241 MP: 26/28
 50718 | Vaults:3 | Paralysed by a formless jellyfish for 1 turns
 51348 | Vaults:4 | Received a gift from Okawaru
 51720 | Vaults:4 | Found Fairch Hiuzu's Magic Scroll Boutique.
 51723 | Vaults:4 | Bought a scroll of teleportation for 72 gold pieces
 51723 | Vaults:4 | Bought a scroll of fog for 96 gold pieces
 51723 | Vaults:4 | Bought a scroll of enchant weapon for 180 gold pieces
 51723 | Vaults:4 | Bought a scroll of brand weapon for 228 gold pieces
 51723 | Vaults:4 | Bought a scroll of enchant armour for 180 gold pieces
 51723 | Vaults:4 | Bought a scroll of teleportation for 72 gold pieces
 51845 | Vaults:4 | Paralysed by a formless jellyfish for 1 turns
 51849 | Vaults:4 | HP: 9/241 [ironbound thunderhulk/bolt of lightning (37)]
 52459 | Elf:1    | Entered Level 1 of the Elven Halls
 52493 | Elf:1    | Found a radiant altar of Vehumet.
 52563 | Elf:1    | Received a gift from Okawaru
 52576 | Elf:1    | Paralysed by an air elemental for 1 turns
 54241 | Elf:2    | Found a runed translucent gate.
 54241 | Elf:2    | Found a runed translucent gate.
 54241 | Elf:2    | Found a runed translucent gate.
 55109 | Elf:2    | Identified the blade talisman of the Wilderness {rC+ rCorr
                  | Dex+3}
 55140 | Elf:2    | Reached XP level 22. HP: 252/252 MP: 29/29
 55334 | Elf:3    | Entered Level 3 of the Elven Halls
 55372 | Elf:3    | Noticed Boris
 55407 | Elf:3    | Killed Boris
 55408 | Elf:3    | Reached skill level 15 in Dodging
 55504 | Elf:3    | Identified the serpent talisman of the New World {Str+4}
 55504 | Elf:3    | Noticed Aizul
 55527 | Elf:3    | Paralysed by an air elemental for 1 turns
 55532 | Elf:3    | Killed Aizul
 55533 | Elf:3    | Paralysed by an air elemental for 1 turns
 55548 | Elf:3    | Identified the +5 kite shield "Oraiggamm" {Dex+4}
 55548 | Elf:3    | Noticed Donald
 55646 | Elf:3    | Killed Donald
 55882 | Elf:3    | Found a runed translucent gate.
 55882 | Elf:3    | Found a runed translucent gate.
 55882 | Elf:3    | Found a runed translucent gate.
 55882 | Elf:3    | Noticed xnavy's ghost (adept TrSh)
 56198 | Elf:3    | Received a gift from Okawaru
 56327 | Elf:3    | Identified the +5 great mace of Untruth {heavy, Dex+5 SInv}
 56327 | Elf:3    | Identified the ring "Ygitzo Jaesch" {rC+ rCorr SInv}
 56330 | Elf:3    | Identified the ring "Catwy" {rC+ Int+6}
 56377 | Elf:3    | Identified the staff "Riunetim" {Str+2 Earth}
 56972 | Elf:3    | Killed xnavy's ghost
 57301 | Depths:1 | Entered Level 1 of the Depths
 58400 | Depths:1 | Found a blossoming altar of Fedhas.
 58442 | Depths:1 | Identified the staff of the Valley {rPois Will+ Alchemy}
 58536 | Depths:1 | Found a shimmering blue altar of Sif Muna.
 58721 | Depths:1 | Identified the amulet "Cotrops" {RegenMP +Inv Fly Int+5
                  | Dex-3}
 58927 | Depths:2 | Noticed a caustic shrike
 58937 | Depths:1 | Killed a caustic shrike
 59072 | Depths:1 | Reached XP level 23. HP: 260/260 MP: 30/30
 59088 | Depths:2 | Found a one-way gate leading to the halls of Pandemonium.
 59234 | Depths:2 | Received a gift from Okawaru
 59307 | Depths:2 | Identified the +9 falchion of Ynlequlu {drain, rF+ Str+3}
 59354 | Depths:2 | Noticed a golden dragon
 59354 | Depths:2 | Noticed a juggernaut
 59384 | Depths:2 | Killed a juggernaut
 59417 | Depths:2 | Killed a golden dragon
 59417 | Depths:2 | Received a gift from Okawaru
 59461 | Depths:2 | Noticed a golden dragon
 59477 | Depths:2 | Killed a golden dragon
 59513 | Depths:2 | Found the +9 staff of Olgreb {rPois∞}
 59528 | Depths:2 | Got the Lectures on the Coruscating Summer
 59537 | Depths:2 | Identified the +7 chain mail of Guekh {rN+ Will+}
 59680 | Depths:2 | Noticed a caustic shrike
 59691 | Depths:2 | Killed a caustic shrike
 59825 | Depths:2 | Found Ahumuykk's Armour Boutique.
 59890 | Depths:2 | Found Olurigg's Antique Weapon Shoppe.
 59905 | Depths:2 | Found a broken altar of Ashenzari.
 59916 | Depths:2 | Found Ygiax's Antique Weapon Shoppe.
 59926 | Depths:2 | Bought a jewelled quick blade for 540 gold pieces
 59926 | Depths:2 | Identified the +1 quick blade of Yddocw {flame, Str+6} (You
                  | bought it in a shop on level 2 of the Depths)
 60033 | Depths:2 | Found Nugigij's Assorted Antiques.
 60041 | Depths:2 | Bought a potion of haste for 490 gold pieces
 60125 | Depths:2 | Found Tiziomi's Antique Weapon Shoppe.
 60492 | Depths:3 | Found a transporter.
 60493 | Depths:3 | Found a viscous altar of Jiyva.
 60568 | Depths:3 | Found a snail-covered altar of Cheibriados.
 60851 | Depths:3 | Found a transporter.
 60925 | Depths:3 | Received a gift from Okawaru
 61436 | Depths:3 | Identified the amulet "Sucwep" {Reflect Harm SH+5}
 61466 | Depths:4 | Entered Level 4 of the Depths
 61778 | Depths:4 | Reached XP level 24. HP: 270/270 MP: 30/30
 61793 | Depths:4 | Gained mutation: Potions are less effective at restoring
                  | your health. [mutagenic glow]
 61809 | Depths:3 | Gained mutation: You occasionally lose the ability to read
                  | scrolls when taking damage. [mutagenic glow]
 61877 | Depths:3 | Lost mutation: Potions are less effective at restoring your
                  | health. [potion of mutation]
 61877 | Depths:3 | Lost mutation: You occasionally lose the ability to read
                  | scrolls when taking damage. [potion of mutation]
 61877 | Depths:3 | Gained mutation: Your magical capacity is low. (-10% MP)
                  | [potion of mutation]
 61877 | Depths:3 | Gained mutation: You are frail. (-10% HP) [potion of
                  | mutation]
 61877 | Depths:3 | Gained mutation: You are somewhat resistant to further
                  | mutation. [potion of mutation]
 62139 | Depths:4 | Found Runolidyps's Distillery.
 62139 | Depths:4 | Found Plog's Assorted Antiques.
 62193 | Depths:4 | Found Ceyc's Distillery.
 62201 | Depths:4 | Bought a potion of heal wounds for 65 gold pieces
 62201 | Depths:4 | Bought a potion of haste for 130 gold pieces
 62203 | Depths:4 | Bought a potion of might for 108 gold pieces
 62205 | Depths:4 | Bought a potion of might for 92 gold pieces
 62205 | Depths:4 | Bought a potion of cancellation for 184 gold pieces
 62294 | Depths:4 | Found a one-way gateway to a ziggurat.
 62338 | Depths:4 | Identified the +1 battleaxe "Implojin's Foe" {pain, *Rage
                  | *Corrode rPois Will+++}
 62506 | Depths:4 | Found a gate to the Realm of Zot.
 62550 | Depths:4 | Reached skill level 15 in Long Blades
 62566 | Depths:4 | Received a gift from Okawaru
 62824 | Vaults:5 | Entered Level 5 of the Vaults
 62878 | Vaults:5 | Noticed a dread lich
 62925 | Arena    | Entered the Arena
 62953 | Vaults:5 | Killed a dread lich
 63041 | Vaults:5 | Identified the +5 ring mail "Omaavol" {Will++ Dex-5}
 63198 | Vaults:5 | Identified the ring of Bicaol {+Blink rC+ rN+ MP+9}
 63221 | Vaults:5 | Received a gift from Okawaru
 63385 | Vaults:5 | Identified the +2 battleaxe of the Gloaming {holy, *Rage
                  | Will+ Int+5}
 63389 | Vaults:5 | Identified the +0 ring mail of Qyivunua {Str+6}
 63389 | Vaults:5 | Identified a scroll of acquirement
 63398 | Vaults:5 | Acquired the ring of Nugeteot {*Slow rElec rC+ EV+5 Str+3}
 63519 | Vaults:5 | Reached XP level 25. HP: 244/249 MP: 30/30
 63654 | Vaults:5 | Received a gift from Okawaru
 63872 | Vaults:5 | Noticed a dread lich
 63890 | Vaults:5 | Killed a dread lich
 64041 | Vaults:5 | Got a silver rune of Zot
 64052 | Vaults:5 | Got the Thoughts on the Ouroboros and Locality
 64749 | Slime:1  | Entered Level 1 of the Pits of Slime
 64875 | Slime:5  | Entered Level 5 of the Pits of Slime
 64909 | Slime:5  | Noticed the Royal Jelly
 64927 | Slime:5  | Killed the Royal Jelly
 64927 | Slime:5  | Received a gift from Okawaru
 65058 | Slime:5  | Got a starry gem with 377 turns to spare
 65058 | Slime:5  | Got a slimy rune of Zot
 65214 | Slime:5  | Identified the +2 ring mail "Tucsah" {rPois rN+ Int-5}
 65215 | Slime:5  | Identified the +1 leather armour "Etaug" {-Tele rElec rF+}
 65287 | Slime:5  | Found the +7 hand cannon "Mule" {flame, backblast, rF+}
 65386 | Slime:5  | Identified the ring of Buamaac {EV+5 Int+3}
 66304 | Depths:1 | Voluntarily entered the Abyss.
 66330 | Abyss:1  | Found a corrupted altar of Lugonu.
 66331 | Abyss:1  | Found a corrupted altar of Lugonu.
 66331 | Abyss:1  | Found a corrupted altar of Lugonu.
 66566 | Abyss:3  | Noticed a dread lich
 66606 | Abyss:3  | Killed a dread lich
 66751 | Abyss:3  | Got an abyssal rune of Zot
 66791 | Abyss:3  | Paralysed by accursed screaming for 1 turns
 66800 | Abyss:3  | Paralysed by accursed screaming for 1 turns
 66888 | Depths:1 | Escaped the Abyss
 67048 | Zot:1    | Entered Level 1 of the Realm of Zot
 67356 | Zot:1    | Noticed an orb of fire
 67360 | Zot:1    | Gained mutation: You are weak. (Str -2) [an orb of fire]
 67375 | Zot:1    | Killed an orb of fire
 67384 | Zot:1    | Reached XP level 26. HP: 261/261 MP: 25/30
 68874 | Zot:2    | Reached skill level 15 in Shields
 70171 | Zot:2    | Noticed an orb of fire
 70187 | Zot:2    | Noticed an orb of fire
 70195 | Zot:2    | Killed an orb of fire
 70204 | Zot:2    | Gained mutation: You occasionally lose the ability to drink
                  | potions when taking damage. [an orb of fire]
 70205 | Zot:2    | Killed an orb of fire
 70233 | Zot:2    | Found a candlelit altar of Ignis.
 70247 | Zot:2    | Identified the +7 fire dragon scales of Ravioli {rF++ rC-
                  | Dex+4}
 70281 | Zot:2    | Identified the +4 plate armour "Puummo" {*Corrode +Blink
                  | Str+2 Int+5}
 70349 | Zot:2    | Lost mutation: Your magical capacity is low. (-10% MP)
                  | [potion of mutation]
 70349 | Zot:2    | Lost mutation: You occasionally lose the ability to drink
                  | potions when taking damage. [potion of mutation]
 70349 | Zot:2    | Lost mutation: You are weak. (Str -2) [potion of mutation]
 70896 | Zot:3    | You fall into a shaft and drop 1 floor!
 71155 | Zot:3    | Reached XP level 27. HP: 269/269 MP: 33/33
 72840 | Zot:5    | Entered Level 5 of the Realm of Zot
 73394 | Zot:5    | Noticed an ancient lich
 73409 | Zot:5    | Killed an ancient lich
 73452 | Zot:5    | Noticed an orb of fire
 73454 | Zot:5    | Gained mutation: Potions are less effective at restoring
                  | your health. [an orb of fire]
 73472 | Zot:5    | Gained mutation: Your magical capacity is low. (-10% MP)
                  | [an orb of fire]
 73473 | Zot:5    | Noticed an ancient lich
 73474 | Zot:5    | Gained mutation: You are weak. (Str -2) [an orb of fire]
 73476 | Zot:5    | Killed an orb of fire
 73483 | Zot:5    | Noticed an orb of fire
 73483 | Zot:5    | Noticed an ancient lich
 73483 | Zot:5    | Noticed an orb of fire
 73483 | Zot:5    | Noticed an ancient lich
 73483 | Zot:5    | Noticed an ancient lich
 73533 | Zot:5    | Received a gift from Okawaru
 73697 | Zot:5    | Killed an orb of fire
 73709 | Zot:5    | Killed an ancient lich
 73721 | Zot:5    | Killed an ancient lich
 73733 | Zot:5    | Reached skill level 5 in Throwing
 73750 | Zot:5    | Killed an orb of fire
 73754 | Zot:5    | Killed an ancient lich
 73920 | Zot:5    | Killed an ancient lich
 74759 | Zot:5    | Got the Orb of Zot
 75018 | Depths:4 | Noticed Feefruas the pandemonium lord
 75212 | D:12     | Noticed a seraph
 75284 | D:9      | Noticed Xikump the pandemonium lord
 75505 | D:$      | Escaped with the Orb!

Illustrated notes

Levels and vault maps discovered:
D:1:      beargit_arrival_diablo_church, layout_basic, hex_medium,
          kennysheep_another_room
D:2:      layout_basic, shapermc_ecumenical_altar_mp_ritualfount,
          minmay_circle_x, uniq_natasha
D:3:      layout_rooms, guppyfry_early_orc_mine, uniq_ijyb
D:4:      layout_basic, minmay_temple_entry_butterflies
D:5:      layout_rooms, chequers_temple_overflow_statue_of_worship,
          kennysheep_potato, uniq_eustachio
D:6:      layout_loops_ring, serial_aquarium, aquarium_bridge_straight
          [aquarium_subvault_bridge, aquarium_subvault_balcony,
          aquarium_subvault_bridge, aquarium_subvault_wall],
          aquarium_window_corridor_2, aquarium_window_fake,
          aquarium_window_fake, aquarium_view_2e, aquarium_view_2g,
          gammafunk_ghost_stat_death, uniq_pikel
D:7:      layout_loops_cross, mainiacjoe_overflow_divided_tiny,
          dreamdust_princess_bridge
D:8:      layout_cave_pools, david_lair_generic, serial_rivers,
          chequers_serial_rivers_large_b, chequers_serial_rivers_micro_b,
          chequers_serial_rivers_marsh, chequers_serial_rivers_small_3,
          chequers_serial_rivers_small_3, uniq_joseph, uniq_jeremiah
D:9:      layout_big_octagon, serial_shops, shop, minmay_fountain_box
D:10:     layout_roguey, lemuel_doored_altar, kennysheep_flooded_box,
          minmay_misc_feat_more_columns
D:11:     layout_irregular_city, david_orc_1_choice, gauntlet_entry_generic,
          hangedman_abyss_or_decor_lesser_grid, hangedman_decor_diamond_cutter,
          uniq_gastronok
D:12:     kennysheep_kobold_grotto, layout_gridville, serial_shops, shop
D:13:     layout_loops_ring, portal_ice_cave_entry_animals_and_master
D:14:     minmay_stepped, layout_irregular_city, david_vaults_1, uniq_louise,
          uniq_snorg
D:15:     hangedman_depths_entry_try_elsewhere_first, layout_loops_ring,
          nicolae_titane
Temple:   minmay_temple_bridge_d
Lair:1:   layout_regular_city, grunt_megastairs_1, infiniplex_staircase_pool
Lair:2:   layout_cave_pods, minmay_shoals_entry_centaurs, serial_bayou_pond_d,
          st_stairs_10, uniq_maggie, uniq_prince_ribbit2
Lair:3:   layout_chaotic_city, dummy_spider_entry
Lair:4:   minmay_lair_oklob_chamber, layout_small_grid, slime_entry_1,
          beast_lair_carwin_9, grunt_megastairs_5, lemuel_fruit_fields
Lair:5:   evil_forest, layout_long_grid, lookout_lair_type
Shoals:1: layout_shoals
Shoals:2: layout_shoals, serial_shops, shop, nicolae_shoals_abyss_on_the_beach
Shoals:3: layout_shoals, serial_shops, shop, ldierk_geyser,
          regret_index_shoals_crete
Shoals:4: shoals_end_grunt_ice, layout_shoals, shoals_ilsuiw_ice,
          nicolae_shop_self_help
Spider:1: layout_spider_delve, hellmonk_deceptive_appearances, uniq_kirke
Spider:2: layout_chambers
Spider:3: layout_spider_delve
Spider:4: grunt_spider_rune_circles
Slime:1:  nicolae_slime_pool, layout_caves
Slime:2:  layout_caves
Slime:3:  layout_caves
Slime:4:  layout_caves
Slime:5:  slime_pit_nicolae_inversion
Orc:1:    layout_diamond_mine, basic_altar
Orc:2:    grunt_orc_community_town_hall, layout_caves,
          grunt_orc_community_big_house_1, grunt_orc_community_big_house_2,
          grunt_orc_community_house_2, grunt_orc_community_house_2,
          grunt_orc_community_house_3, grunt_orc_community_house_1,
          grunt_orc_community_house_3, serial_shops,
          nicolae_shop_bloodbath_and_beyond, uniq_saint_roka
Elf:1:    eino_elf_arrival_altar, layout_onion_city, minmay_elf_demonology
Elf:2:    nicolae_elf_blades_splatter_lattice [nooodl_blade_entry_preview],
          layout_onion_city
Elf:3:    minmay_elf_hall_statues, layout_loops_cross, gammafunk_ghost_split,
          nicolae_zig_zag_zippers, uniq_donald, uniq_aizul, uniq_boris
Vaults:1: nicolae_vaults_apartment_2, vaults_mumra_hexcomb,
          nicolae_vaults_fighting_squares, vaults_room_door_hall,
          nicolae_vaults_alarming, hangedman_vaults_nails,
          vaults_room_fancy_cross, vaults_dpeg_cross,
          nicolae_vaults_ninety_degrees, ontoclasm_vaults_hangar,
          layout_vaults_omnibox, serial_shops, shop
Vaults:2: hangedman_vaults_slice, minmay_crypt_entry_simple_plaza,
          nicolae_vaults_asterisk, nicolae_vaults_swerve,
          nicolae_vaults_trapezoid_3, nicolae_vaults_mitosis,
          nicolae_vaults_closet_pinwheel_2, grunt_vaults_trifunnel,
          nicolae_vaults_more_shelving_1, ontoclasm_vaults_twist,
          dpeg_vaults_monster_box, layout_vaults_chaotic_city, uniq_zenata
Vaults:3: nicolae_vaults_tetromino_Z_2, vaults_mumra_hex, grunt_vaults_twisty,
          nicolae_vaults_little_squares_6, nicolae_vaults_doubleplus_tesselated,
          nicolae_vaults_house_2, vaults_mumra_minichess_inversion,
          nicolae_vaults_tetromino_L_2, layout_vaults_omnigrid
Vaults:4: nicolae_vaults_meiosis, nicolae_vaults_little_squares_5,
          nicolae_vaults_puzzle_piece, nicolae_vaults_diamond_1,
          vaults_mumra_lcd, nicolae_vaults_network_barrier,
          nicolae_vaults_prndl, v_misc_1, nicolae_vaults_sesquioval_fish,
          vaults_room_hallway, vaults_room_door_hall, nicolae_vaults_gold_heap,
          vaults_room_door_ring, layout_vaults_ring, serial_shops,
          nicolae_shop_tiny_real_fake_doors
Vaults:5: serial_shops
Depths:1: layout_gridlike, hangedman_abyss_entry_splay,
          pf_hell_entry_tar_spiral, fedhas_altar_4, grunt_ministairs_10,
          minivault_10, hangedman_summoners_spam
Depths:2: minmay_central_circle, layout_gridville, serial_shops, shop,
          nicolae_shop_window_shopping, nicolae_shop_pleasant_corner_grove,
          shop, shop, abyss_entry, nicolae_ashenzari_skybound, pan_entry,
          grunt_hell_entry_dis_mu
Depths:3: gammafunk_jiyva_shrine, layout_gridville, hell_entry,
          cheibriados_altar_1, abyss_entry_crystal
Depths:4: grunt_zot_entry_pinwheel, layout_cave_pools, enter_ziggurat_b,
          hell_entry, chequers_serial_rivers_micro_b, minmay_shop_star
Zot:1:    layout_concentric_octagons, st_stairs_5
Zot:2:    regret_index_infernal_bastille, layout_basic
Zot:3:    layout_cellular_growth
Zot:4:    layout_basic, hangedman_zot_decor_unnerving_road,
          st_single_dragon_hoard_1, lemuel_baited_zot_trap
Zot:5:    layout_misc_corridors

Skill      XL: |  1  2  3  4  5  6  7  8  9 10 11 12 13 14 15 16 17 18 19 20 21 22 23 24 25 26 27 |
---------------+----------------------------------------------------------------------------------+-----
Staves         | 4 5 6 |  6.0
Throwing       | 3 4 7 |  7.6
Fighting       | 3 6 10 15 21 | 21.6
Invocations    | 3 8 10 14 | 14.0
Stealth        | 2 4 |  4.0
Short Blades   | 5 8 10 13 | 13.0
Shapeshifting  | 4 9 10 | 10.0
Dodging        | 6 10 14 18 20 22 | 22.0
Armour         | 6 7 9 12 13 16 19 20 21 22 | 22.0
Shields        | 4 10 11 18 22 | 22.0
Long Blades    | 7 11 14 15 16 | 16.7

Action                     |  1- 3 |  4- 6 |  7- 9 | 10-12 | 13-15 | 16-18 | 19-21 | 22-24 | 25-27 || total
---------------------------+-------+-------+-------+-------+-------+-------+-------+-------+-------++-------
  Melee: Quarterstaff      |    98 |   149 |   103 |       |       |       |       |       |       ||   350
         Headbutt          |     8 |    20 |    33 |   126 |   512 |  1205 |   560 |   727 |  1026 ||  4217
         Rapier            |       |       |    71 |   638 |  1289 |    60 |       |       |       ||  2058
         Punch             |       |       |     1 |    24 |    18 |       |       |       |       ||    43
         Maw               |       |       |       |    17 |       |       |       |       |       ||    17
         Quick blade       |       |       |       |       |   482 |  3098 |       |       |       ||  3580
         Demon blade       |       |       |       |       |       |   348 |  1739 |  1809 |  2789 ||  6685
  Throw: Large rock        |       |     8 |    12 |     5 |     6 |       |       |     1 |       ||    32
         Throwing net      |       |     3 |     7 |     9 |     3 |     6 |     1 |     1 |       ||    30
         Dart              |       |     1 |     6 |     3 |    23 |     2 |     3 |     2 |       ||    40
         Stone             |       |       |    31 |    55 |       |       |       |       |       ||    86
         Boomerang         |       |       |     5 |    52 |   132 |    24 |    10 |    10 |    52 ||   285
         Javelin           |       |       |       |       |       |       |       |     7 |    24 ||    31
 Invoke: Heroism           |       |       |     7 |    28 |    22 |    26 |    28 |    27 |    53 ||   191
         Receive Weapon    |       |       |       |       |     1 |       |       |       |       ||     1
         Receive Armour    |       |       |       |       |     1 |       |       |       |       ||     1
         Finesse           |       |       |       |       |     2 |     1 |     4 |     4 |    12 ||    23
         Duel              |       |       |       |       |       |     2 |       |     1 |       ||     3
Ability: Begin Untransform |       |       |       |     1 |       |       |       |       |       ||     1
  Evoke: Wand              |       |       |    15 |     5 |     3 |       |       |       |     3 ||    26
         Condenser vane    |       |       |       |       |       |       |     1 |     1 |       ||     2
    Use: Potion            |     1 |     3 |     1 |     5 |     4 |     4 |     7 |     8 |    18 ||    51
         Scroll            |       |     3 |     4 |    17 |    17 |    13 |     6 |     9 |    13 ||    82
   Stab: Sleeping          |     1 |       |     5 |     6 |     6 |       |       |       |       ||    18
         Invisible         |       |       |     4 |     2 |       |       |       |       |       ||     6
         Held in net/web   |       |       |     4 |     5 |     3 |     8 |     2 |       |       ||    22
         Distracted        |       |       |     1 |     1 |     3 |       |       |       |       ||     5
         Petrifying        |       |       |       |       |     1 |       |       |       |       ||     1
         Petrified         |       |       |       |       |     2 |       |       |       |       ||     2
         Confused          |       |       |       |       |       |       |       |       |     1 ||     1
 Armour: Robe              |    62 |    98 |   124 |   221 |       |       |       |       |       ||   505
         Troll leather arm |       |       |       |   197 |     6 |       |       |       |       ||   203
         Skin              |       |       |       |    13 |       |       |       |       |       ||    13
         Swamp dragon scal |       |       |       |       |   389 |       |       |       |       ||   389
         Gold dragon scale |       |       |       |       |   450 |  1483 |  1311 |   858 |  1494 ||  5596
         Fire dragon scale |       |       |       |       |       |       |       |       |   219 ||   219
  Dodge: Dodged            |    41 |    73 |    84 |   297 |   437 |   396 |   465 |   702 |  1721 ||  4216
         Repelled          |       |       |       |       |       |     1 |    14 |    21 |    12 ||    48
  Block: Other             |       |       |    20 |   102 |    79 |       |       |       |       ||   201
         Reflection        |       |       |     2 |     6 |    55 |    38 |   108 |    48 |    19 ||   276
         Kite shield       |       |       |       |       |   684 |  1893 |  1628 |  2053 |  2992 ||  9250
   Form: Maw               |       |       |       |     1 |       |       |       |       |       ||     1

Table legend: (Time is in decaauts)
 A = Elapsed time spent in this place.
 B = Non-inter-level travel time spent in this place.
 C = Inter-level travel time spent in this place.
 D = Time resting spent in this place.
 E = Time spent auto-exploring this place.
 F = Levels seen in this place.
 G = Mean time per level.
                   A        B        C        D        E       F      G
               +--------+--------+--------+--------+--------+-----+--------+
         Total |  71671 |  65265 |   6406 |   7554 |  36146 |  61 | 1174.9 |
       Dungeon |  22756 |  19940 |   2816 |   3644 |  10840 |  15 | 1517.1 |
        Temple |    144 |     12 |    132 |      0 |      0 |   1 |  144.0 |
          Lair |   9611 |   8755 |    856 |   1318 |   5085 |   5 | 1922.2 |
        Shoals |   3912 |   3762 |    150 |      0 |   2375 |   4 |  978.0 |
   Spider Nest |   5160 |   4880 |    280 |    845 |   2175 |   4 | 1290.0 |
    Slime Pits |    570 |    570 |      0 |      0 |      0 |   5 |  114.0 |
  Orcish Mines |   2946 |   2489 |    457 |    412 |   1480 |   2 | 1473.0 |
   Elven Halls |   4396 |   4138 |    258 |    173 |   2597 |   3 | 1465.3 |
        Vaults |   7937 |   7327 |    610 |    199 |   4609 |   5 | 1587.4 |
        Depths |   5406 |   4918 |    488 |    400 |   2695 |   4 | 1351.5 |
           Zot |   7166 |   6811 |    355 |    111 |   4149 |   5 | 1433.2 |
         Abyss |    465 |    465 |      0 |      0 |      0 |   3 |  155.0 |
      Ice Cave |    665 |    665 |      0 |    244 |     22 |   1 |  665.0 |
      Gauntlet |    474 |    474 |      0 |    207 |    117 |   1 |  474.0 |
         Arena |     54 |     54 |      0 |      0 |      0 |   3 |   18.0 |
               +--------+--------+--------+--------+--------+-----+--------+

Top non-repeatable levels by time:
  Lair:5: 3027 daAuts
    D:14: 2346 daAuts
    D:12: 2197 daAuts
    D:11: 2189 daAuts
Vaults:2: 2118 daAuts
    D:10: 2102 daAuts
  Lair:4: 1977 daAuts
Depths:1: 1936 daAuts
     D:8: 1874 daAuts
    D:15: 1858 daAuts
   Orc:2: 1798 daAuts
Spider:2: 1769 daAuts
  Lair:3: 1715 daAuts
Vaults:1: 1651 daAuts
   Zot:5: 1641 daAuts
